 Dungeon Crawl Stone Soup version 0.14.1-1-g650416f (webtiles) character file.

4857 RogerD the Grappler (level 10, -3/98 HPs)
             Began as a Troll Monk on May 11, 2014.
             Was a High Priest of Trog.
             Slain by an unseen horror (7 damage)
             ... on Level 9 of the Dungeon.
             The game lasted 00:58:11 (6656 turns).

RogerD the Grappler (Troll Monk)                    Turns: 6656, Time: 00:58:11

HP  -3/98        AC  5     Str 22      XL: 10   Next: 22%
MP   5/5         EV 14     Int  6      God: Trog [*****.]
Gold 135         SH  0     Dex 14      Spells:  0 memorised,  9 levels left

rFire  . . .     SeeInvis .       - Unarmed
rCold  . . .     Clarity  .     a - +0 robe
rNeg   . . .     Conserve .     (shield restricted)
rPois  .         rCorr    .     (helmet restricted)
rElec  .         rRot     .     (no cloak)
SustAb . .       Spirit   .     (gloves unavailable)
rMut   .         Warding  .     (boots unavailable)
Gourm  +         Stasis   .     (no amulet)
MR     .....                    (no ring)
                                (no ring)

@: not resistant to hostile enchantments, fairly stealthy
A: unfitting armour, claws 3, fast metabolism 3, gourmand, regeneration 2,
saprovore 2, shaggy fur 1, tough skin 2
a: Burn Spellbooks, Berserk, Trog's Hand, Brothers in Arms, Renounce Religion


You were on level 9 of the Dungeon.
You worshipped Trog.
Trog was extremely pleased with you.
You were not hungry.

You visited 1 branch of the dungeon, and saw 9 of its levels.

You collected 393 gold pieces.
You spent 258 gold pieces at shops.

Inventory:

Armour
 a - a +0 robe (worn)
Magical devices
 p - a wand of cold (6)
 u - a wand of heal wounds (2)
 D - a wand of flame (0)
 F - a wand of enslavement (5)
 G - a wand of slowing (10) {unknown}
Comestibles
 b - 5 meat rations
 i - a lemon
 m - 5 bread rations
 L - an apple
 M - a grape
Scrolls
 d - 2 scrolls of recharging {unknown}
 e - 5 scrolls of enchant weapon I {unknown}
 g - 5 scrolls of enchant weapon II {unknown}
 h - 5 scrolls of identify {unknown}
 j - 2 scrolls of random uselessness {unknown}
 r - 5 scrolls of amnesia {unknown}
 t - 2 scrolls of teleportation {unknown}
 x - 5 scrolls of remove curse {unknown}
 y - a scroll of blinking {unknown}
 B - a scroll of enchant armour {unknown}
 K - a scroll of magic mapping {unknown}
Jewellery
 f - an uncursed ring of flight
 l - an uncursed ring of flight
Potions
 c - a potion of haste {unknown}
 k - a potion of heal wounds
 n - a potion of brilliance {unknown}
 o - a potion of mutation {unknown}
 q - 2 potions of resistance {unknown}
 s - a potion of degeneration {unknown}
 v - a potion of poison {unknown}
 w - a potion of paralysis {unknown}
 z - 2 potions of restore abilities {unknown}
 A - a potion of agility {unknown}
 E - a potion of invisibility {unknown}
 H - 2 potions of curing
 I - a potion of flight {unknown}
 J - a potion of experience {unknown}
Miscellaneous
 C - an ornate deck of changes


   Skills:
 + Level 5.6 Fighting
 + Level 0.1 Throwing
 + Level 8.1 Dodging
 + Level 3.1 Stealth
 + Level 10.0 Unarmed Combat
 + Level 1.0 Evocations


You had 9 spell levels left.
You didn't know any spells.

Dungeon Overview and Level Annotations

Branches:
Dungeon (9/15)             Temple (0/1) D:4
    Orc: D:9-12        Lair: D:8-11

Altars:
Ashenzari
Fedhas
Makhleb
Sif Muna
Trog
Xom
Yredelemnul
The Shining One

Shops:
D:5 }


Innate Abilities, Weirdness & Mutations

You are too large for most types of armour.
You have claws for hands.
Your metabolism is lightning-fast.
You like to eat raw meat.
You heal very quickly.
You can eat rotten meat.
You are covered in fur (AC +1).
You have very tough skin (AC +2).


Message History

You closely miss something. Something hits you but does no damage.
Something hits you!
* * * LOW HITPOINT WARNING * * *
You see here 2 honeycombs.
Something hits you.
* * * LOW HITPOINT WARNING * * *
Something hits you!
* * * LOW HITPOINT WARNING * * *
There is an open door here.
Something hits you.
* * * LOW HITPOINT WARNING * * *
You see here 2 honeycombs.
Something hits you.
* * * LOW HITPOINT WARNING * * *
You see here a grape.
Something hits you!
* * * LOW HITPOINT WARNING * * *
You see here a spriggan skeleton.
Something hits you!
You die...

#.##.##......##...#
.........# #. ..
...)......
##.#####.##.#..# #.
. ...........##...##
...#.#... ..
#.##.##.######.###.#
#..#.#..# #. #.
#..... ##...## ..#
#. # #.##.## #....%#
#. ... . #####'# ..
#.# #%%%# ## +@%%#
.#### ##### .....
..... ..#... ....h.
...### # # . #


There were no monsters in sight!

Vanquished Creatures
  The ghost of Erg the Slasher, an average DgWr (D:5)
  The ghost of SlowGraham the Sneak, an average OpAs (D:4)
  A hungry ghost (D:6)
  Eustachio (D:5)
  3 yaks (D:9)
  2 hippogriffs
  Edmund (D:5)
  2 ice beasts
  3 orc warriors (D:8)
  A phantom (D:5)
  2 ogres
  2 centaurs
  Sigmund (D:5)
  Blork the orc (D:6)
  5 giant frogs
  2 scorpions
  8 wights
  A spriggan skeleton (D:9)
  An electric eel (D:8)
  A troll skeleton (D:9)
  2 goliath beetles (D:6)
  3 crimson imps
  A black bear zombie (D:7)
  2 jellies (D:6)
  A centaur skeleton (D:9)
  6 hounds
  A giant frog skeleton (D:4)
  5 orc wizards
  4 orc priests
  A big fish (D:8)
  An iguana (D:7)
  A two-headed ogre skeleton (D:7)
  8 worker ants
  An ogre zombie (D:5)
  Ijyb (D:5)
  Jessica (D:2)
  A hound zombie (D:7)
  Terence (D:2)
  A worker ant zombie (D:9)
  10 adders
  An inept item mimic (D:8)
  2 giant mites (D:8)
  3 worms
  An adder skeleton (D:9)
  2 orc skeletons
  A giant eyeball (D:6)
  2 giant geckos
  An ooze (D:2)
  9 orcs
  A bat skeleton (D:7)
  5 giant cockroaches
  11 goblins
  14 hobgoblins
  9 jackals
  2 quokkas
  13 bats
  A giant cockroach zombie (D:6)
  A giant gecko skeleton (D:4)
  3 giant newts (D:2)
  A hobgoblin skeleton (D:4)
  11 kobolds
  A kobold skeleton (D:5)
  A quokka skeleton (D:4)
  9 rats
  2 plants (D:3)
199 creatures vanquished.

Vanquished Creatures (others)
  A sky beast (D:8)
1 creature vanquished.

Grand Total: 200 creatures vanquished

Notes
Turn   | Place    | Note
--------------------------------------------------------------
     0 | D:1      | RogerD, the Troll Monk, began the quest for the Orb.
     0 | D:1      | Reached XP level 1. HP: 22/22 MP: 1/1
   290 | D:1      | Reached XP level 2. HP: 29/29 MP: 1/1
   566 | D:2      | Reached XP level 3. HP: 34/36 MP: 2/2
   605 | D:2      | Noticed Jessica
   610 | D:2      | Killed Jessica
   688 | D:2      | Noticed a scorpion
   704 | D:2      | Killed a scorpion
   704 | D:2      | Reached skill level 5 in Unarmed Combat
   704 | D:2      | Reached XP level 4. HP: 30/44 MP: 2/2
   839 | D:2      | Noticed Terence
   852 | D:2      | Killed Terence
   852 | D:2      | Reached XP level 5. HP: 42/52 MP: 2/2
   933 | D:2      | Found a deep blue altar of Sif Muna.
  1656 | D:3      | Found a bloodstained altar of Trog.
  1708 | D:3      | Became a worshipper of Trog the Wrathful
  1708 | D:3      | Acquired Trog's first power
  1708 | D:3      | Acquired Trog's second power
  1908 | D:3      | Found a shattered altar of Ashenzari.
  2100 | D:3      | Found a basalt altar of Yredelemnul.
  2316 | D:3      | Reached XP level 6. HP: 35/61 MP: 3/3
  2521 | D:4      | Noticed SlowGraham's ghost (average OpAs)
  2532 | D:4      | Killed SlowGraham's ghost
  2532 | D:4      | Reached skill level 6 in Unarmed Combat
  2892 | D:4      | Found a staircase to the Ecumenical Temple.
  2899 | D:4      | Reached XP level 7. HP: 67/67 MP: 3/3
  3165 | D:5      | Entered Level 5 of the Dungeon
  3165 | D:5      | Found a glowing golden altar of the Shining One.
  3165 | D:5      | Noticed Edmund
  3171 | D:5      | Noticed Erg's ghost (average DgWr)
  3176 | D:5      | Killed Edmund
  3190 | D:5      | Killed Erg's ghost
  3190 | D:5      | Reached skill level 7 in Unarmed Combat
  3220 | D:5      | Noticed Eustachio
  3221 | D:5      | Noticed Ijyb
  3239 | D:5      | Killed Ijyb
  3253 | D:5      | Killed Eustachio
  3253 | D:5      | Reached skill level 5 in Dodging
  3253 | D:5      | Reached XP level 8. HP: 78/78 MP: 3/3
  3300 | D:5      | Noticed Sigmund
  3463 | D:5      | Found Laajek's Gadget Emporium.
  3491 | D:5      | Bought an ornate deck of changes for 220 gold pieces
  3492 | D:5      | Bought a wand of flame (5) for 38 gold pieces
  3554 | D:5      | Killed Sigmund
  3699 | D:6      | Noticed Blork the orc
  3707 | D:6      | Killed Blork the orc
  3858 | D:6      | Reached skill level 8 in Unarmed Combat
  3871 | D:6      | Acquired Trog's third power
  4354 | D:6      | Found a burning altar of Makhleb.
  4484 | D:7      | Reached XP level 9. HP: 83/85 MP: 4/4
  4513 | D:7      | Found a shimmering altar of Xom.
  5183 | D:8      | Reached skill level 9 in Unarmed Combat
  5219 | D:8      | Reached skill level 5 in Fighting
  5763 | D:8      | Found a bloodstained altar of Trog.
  6033 | D:9      | Reached XP level 10. HP: 40/96 MP: 4/5
  6134 | D:9      | Found a blossoming altar of Fedhas.
  6523 | D:9      | Reached skill level 1 in Evocations
  6606 | D:9      | Reached skill level 10 in Unarmed Combat
  6655 | D:9      | HP: 4/98 [something (7)]
  6656 | D:9      | Slain by an unseen horror

Action                   |  1- 3 |  4- 6 |  7- 9 | 10-12 || total
-------------------------+-------+-------+-------+-------++-------
Melee: Unarmed           |    49 |   146 |   343 |    75 ||   613
Invok: Berserk           |       |     2 |     1 |     1 ||     4
       Burn Spellbooks   |       |       |     1 |       ||     1
Evoke: Wand              |       |       |     7 |     2 ||     9
  Use: Potion            |       |       |     1 |     2 ||     3
 Stab: Sleeping          |       |     1 |     4 |       ||     5
